 Dungeon Crawl Stone Soup version 0.23-a0-767-gdc19b93d68 (webtiles) character file.

408 MrRokkomies the Gusty (level 6, 0/44 HPs)
             Began as a Gnoll Wanderer on Jan 23, 2019.
             Was a Follower of Makhleb.
             Slain by Edmund
             ... wielding a +4 dire flail of venom
              (4 damage)
             ... on level 4 of the Dungeon.
             The game lasted 00:09:39 (4367 turns).

MrRokkomies the Gusty (Gnoll Wanderer)              Turns: 4367, Time: 00:09:39

Health: 0/44       AC:  7    Str: 17    XL:     6   Next: 88%
Magic:  7/14       EV: 12    Int: 17    God:    Makhleb [*.....]
Gold:   165        SH:  5    Dex: 16    Spells: 3/15 levels left

rFire    . . .     SeeInvis .   o - +2 long sword (elec)
rCold    . . .     Gourm    .   l - +0 buckler
rNeg     . . .     Faith    .   p - +0 leather armour
rPois    .         Spirit   .   (no helmet)
rElec    .         Reflect  .   k - +0 cloak
rCorr    .         Harm     .   i - +2 pair of gloves
MR       .....                  (no boots)
Stlth    ++........             (no amulet)
HPRegen  0.14/turn              (no ring)
MPRegen  0.14/turn              (no ring)

@: mighty, lethally poisoned (0 -> -30), infused, very slightly contaminated
A: distributed training, fangs 1, strong nose
a: Renounce Religion


You were on level 4 of the Dungeon.
You worshipped Makhleb.
Makhleb was aware of your devotion.
You were not hungry.

You visited 1 branch of the dungeon, and saw 4 of its levels.

You collected 230 gold pieces.
You spent 65 gold pieces at shops.

Inventory:

Hand Weapons
 h - a +1 short sword of venom
 o - a +2 long sword of electrocution (weapon)
Missiles
 a - 121 stones (quivered)
Armour
 i - a +2 pair of gloves (worn)
 k - a +0 cloak (worn)
 l - a +0 buckler (worn)
 p - a +0 leather armour (worn)
Scrolls
 e - 2 scrolls of magic mapping
 g - 2 scrolls of teleportation
 m - 2 scrolls of fear {unknown}
 q - a scroll of enchant armour
 s - a scroll of remove curse {unknown}
 t - a scroll of identify {unknown}
Potions
 d - a potion of mutation {unknown}
 j - a potion of degeneration {unknown}
 r - 2 potions of invisibility {unknown}
 u - a potion of berserk rage {unknown}
 w - a potion of flight {unknown}
Comestibles
 f - 8 rations
 v - 4 chunks of flesh


   Skills:
 + Level 2.1 Fighting
 + Level 2.1 Short Blades
 + Level 2.1 Long Blades
 + Level 2.1 Axes
 + Level 2.1 Maces & Flails
 + Level 2.1 Polearms
 + Level 2.1 Staves
 + Level 2.1 Slings
 + Level 2.1 Bows
 + Level 2.1 Crossbows
 + Level 2.1 Throwing
 + Level 2.1 Armour
 + Level 2.1 Dodging
 + Level 2.1 Stealth
 + Level 3.3 Shields
 + Level 2.1 Unarmed Combat
 + Level 5.4 Spellcasting
 + Level 1.6 Conjurations
 + Level 2.7 Hexes
 + Level 2.7 Charms
 + Level 1.6 Summonings
 + Level 1.6 Necromancy
 + Level 1.6 Translocations
 + Level 1.6 Transmutations
 + Level 1.6 Fire Magic
 + Level 1.6 Ice Magic
 + Level 5.7 Air Magic
 + Level 2.7 Earth Magic
 + Level 1.6 Poison Magic
 + Level 2.3 Invocations
 + Level 3.3 Evocations


You had 3 spell levels left.
You knew the following spells:

 Your Spells              Type           Power        Failure   Level  Hunger
a - Infusion              Chrm           ##..         6%          1    None
b - Sandblast             Erth           ##....       6%          1    None
c - Song of Slaying       Chrm           ##......     9%          2    #......
d - Shroud of Golubria    Chrm/Tloc      ##........   11%         2    #......
e - Spectral Weapon       Hex/Chrm       ##......     17%         3    ##.....
f - Regeneration          Chrm/Necr      ##........   22%         3    ##.....

Your spell library contained the following spells:

 Spells                   Type           Power        Failure   Level  Hunger
 Stone Arrow              Conj/Erth      ##....       22%         3    ##.....


Dungeon Overview and Level Annotations

Branches:
Dungeon (4/15)
 Temple: D:4-7

Altars:
Makhleb
Sif Muna
Uskayaw

Shops:
D:4 !

Annotations:
D:3 2 transporters, mitkoXXVII's ghost, amateur FoEE
D:4 Edmund


Innate Abilities, Weirdness & Mutations

Your experience applies equally to all skills.
You have very sharp teeth.
Your uncanny sense of smell can sniff out nearby items.


Message History

You are lethally poisoned!
You hit Edmund. Lightning courses through Edmund!
Edmund is severely wounded.
* * * LOW HITPOINT WARNING * * *
You feel sick.
Edmund hits you with a +4 dire flail of venom.
* * * LOW HITPOINT WARNING * * *
You are more poisoned.
You hit Edmund.
Edmund is almost dead.
* * * LOW HITPOINT WARNING * * *
You feel very sick. Edmund hits you but does no damage.
You are more poisoned.
You barely miss Edmund. Your bite misses Edmund.
Edmund is almost dead.
* * * LOW HITPOINT WARNING * * *
You feel very sick.
Edmund hits you with a +4 dire flail of venom.
You die...

##### ..#.. #.#.#
#.#.# #.#.# #
#.#.###.# ###.#.....#
##### #.........#
#...#####....@#####
#.#...........@......
#.....(.......###....
#.\.#........####. ##
##...)####.........
#..#..#####.######
#......)..#.####
###....####......#
.......####......##


You could see Edmund.

Vanquished Creatures
  Duvessa (D:4)
  Dowan (D:4)
  Crazy Yiuf (D:2)
  An orc priest (D:3)
  A bullfrog skeleton (D:4)
  6 adders
  An ooze (D:1)
  An adder skeleton (D:4)
  3 worms (D:2)
  A dart slug (D:1)
  2 leopard geckos
  10 orcs (D:3)
  A ball python (D:1)
  7 bats
  4 giant cockroaches
  5 goblins
  9 hobgoblins
  11 kobolds
  2 quokkas (D:2)
  5 frilled lizards
  10 rats
83 creatures vanquished.

Notes
Turn   | Place    | Note
-------+----------+-------------------------------------------
     0 | D:1      | MrRokkomies the Gnoll Wanderer began the quest for the Orb.
     0 | D:1      | MrRokkomies set off with the following items: a potion of
                  | curing, a +0 robe, a +0 dagger, a ration; and the following
                  | spells available to memorise: Infusion, Sandblast, Song of
                  | Slaying, Shroud of Golubria, Spectral Weapon, Regeneration,
                  | Stone Arrow
     0 | D:1      | Reached XP level 1. HP: 13/13 MP: 6/6
    29 | D:1      | Learned a level 1 spell: Infusion
    31 | D:1      | Learned a level 1 spell: Sandblast
    50 | D:1      | Reached XP level 2. HP: 5/19 MP: 3/7
  1117 | D:1      | Reached XP level 3. HP: 15/25 MP: 0/9
  1158 | D:1      | Reached skill level 5 in Spellcasting
  2193 | D:2      | Learned a level 2 spell: Song of Slaying
  2196 | D:2      | Learned a level 2 spell: Shroud of Golubria
  2200 | D:2      | Learned a level 3 spell: Spectral Weapon
  2204 | D:2      | Learned a level 3 spell: Regeneration
  2228 | D:2      | Reached skill level 1 in Invocations
  2290 | D:2      | Found a hide-covered altar of Uskayaw.
  2528 | D:2      | Reached skill level 1 in Fighting
  2528 | D:2      | Reached skill level 1 in Short Blades
  2528 | D:2      | Reached skill level 1 in Long Blades
  2528 | D:2      | Reached skill level 1 in Axes
  2528 | D:2      | Reached skill level 1 in Maces & Flails
  2528 | D:2      | Reached skill level 1 in Polearms
  2528 | D:2      | Reached skill level 1 in Staves
  2528 | D:2      | Reached skill level 1 in Slings
  2528 | D:2      | Reached skill level 1 in Bows
  2528 | D:2      | Reached skill level 1 in Crossbows
  2528 | D:2      | Reached skill level 1 in Throwing
  2528 | D:2      | Reached skill level 1 in Armour
  2528 | D:2      | Reached skill level 1 in Dodging
  2528 | D:2      | Reached skill level 1 in Stealth
  2528 | D:2      | Reached skill level 1 in Unarmed Combat
  2528 | D:2      | Reached XP level 4. HP: 29/32 MP: 11/11
  2802 | D:2      | Reached skill level 1 in Conjurations
  2802 | D:2      | Reached skill level 1 in Summonings
  2802 | D:2      | Reached skill level 1 in Necromancy
  2802 | D:2      | Reached skill level 1 in Translocations
  2802 | D:2      | Reached skill level 1 in Transmutations
  2802 | D:2      | Reached skill level 1 in Fire Magic
  2802 | D:2      | Reached skill level 1 in Ice Magic
  2802 | D:2      | Reached skill level 1 in Poison Magic
  2982 | D:2      | Found a runed door.
  2986 | D:2      | Noticed Crazy Yiuf
  2996 | D:2      | Killed Crazy Yiuf
  2996 | D:2      | Reached XP level 5. HP: 24/37 MP: 1/12
  3115 | D:3      | Found a transporter.
  3123 | D:3      | Noticed mitkoXXVII's ghost (amateur FoEE)
  3127 | D:3      | Found a transporter.
  3314 | D:3      | Found a burning altar of Makhleb.
  3327 | D:3      | Became a worshipper of Makhleb the Destroyer
  3345 | D:3      | Found a faded altar of an unknown god.
  3638 | D:3      | Found a deep blue altar of Sif Muna.
  4210 | D:4      | Found Kaxough's Distillery.
  4215 | D:4      | Reached XP level 6. HP: 44/44 MP: 13/13
  4222 | D:4      | Bought a potion of heal wounds for 65 gold pieces
  4228 | D:4      | Noticed Dowan
  4229 | D:4      | Noticed Duvessa
  4249 | D:4      | Killed Duvessa
  4264 | D:4      | Killed Dowan
  4342 | D:4      | Noticed Edmund
  4349 | D:4      | Reached * piety under Makhleb
  4362 | D:4      | HP: 1/44 [Edmund/+4 dire flail of venom (13)]
  4367 | D:4      | Slain by Edmund

Vault maps used:
D:1:      wander_arrival_desolate, serial_park_tiny_2, minmay_misc_feat_x,
          minmay_misc_feat_rugged
D:2:      eat_drink_and_be_merry_uskayaw, nicolae_underground_beach,
          uniq_crazy_yiuf_cottage
D:3:      bloody_makhleb, lemuel_doored_altar, chequers_ecumenical_altar_twisty,
          gammafunk_ghost_arena, ebering_dispersal_statue_hall
D:4:      serial_shops, nicolae_shop_stone, ebering_ghost_inner_flame,
          uniq_duvessa, uniq_edmund

Skill      XL: |  1  2  3  4  5  6 |
---------------+-------------------+-----
Hexes          | 2 |  2.7
Charms         | 2 |  2.7
Earth Magic    | 2 |  2.7
Spellcasting   | 5 |  5.4
Invocations    | 1 2 |  2.3
Fighting       | 1 2 |  2.1
Short Blades   | 1 2 |  2.1
Long Blades    | 1 2 |  2.1
Axes           | 1 2 |  2.1
Maces & Flails | 1 2 |  2.1
Polearms       | 1 2 |  2.1
Staves         | 1 2 |  2.1
Slings         | 1 2 |  2.1
Bows           | 1 2 |  2.1
Crossbows      | 1 2 |  2.1
Throwing       | 1 2 |  2.1
Armour         | 1 2 |  2.1
Dodging        | 1 2 |  2.1
Stealth        | 1 2 |  2.1
Unarmed Combat | 1 2 |  2.1
Conjurations   | 1 |  1.6
Summonings     | 1 |  1.6
Necromancy     | 1 |  1.6
Translocations | 1 |  1.6
Transmutations | 1 |  1.6
Fire Magic     | 1 |  1.6
Ice Magic      | 1 |  1.6
Poison Magic   | 1 |  1.6
Shields        | 3 |  3.3
Evocations     | 3 |  3.3
Air Magic      | |  5.7

Action                   |  1- 3 |  4- 6 || total
-------------------------+-------+-------++-------
Melee: Dagger            |    40 |       ||    40
       Bite              |    10 |     7 ||    17
       Short sword       |    80 |    56 ||   136
       Long sword        |       |    72 ||    72
       Quarterstaff      |       |     5 ||     5
 Cast: Infusion          |     5 |     3 ||     8
       Sandblast         |    11 |       ||    11
       Shroud of Golubri |     1 |     4 ||     5
       Song of Slaying   |       |     1 ||     1
  Use: Scroll            |     4 |       ||     4
       Potion            |       |     5 ||     5
 Stab: Sleeping          |       |     3 ||     3
  Eat: Chunk             |     5 |     4 ||     9
       Ration            |       |     1 ||     1
Armor: Robe              |    36 |    14 ||    50
       Leather armour    |       |    24 ||    24
Dodge: Dodged            |    83 |    66 ||   149
Block: Buckler           |     5 |    21 ||    26
       Rpst.: Long sword |       |    17 ||    17

Table legend:
 A = Non-vault XP
 B = Vault XP
 C = Vault XP percentage of total XP
 D = Non-vault monster count
 E = Vault monster count
 F = Vault count percentage of total count
                 A         B        C        D         E       F
            +---------+---------+-------+---------+---------+-------
      Total |     312 |     272 |  46.6 |      80 |       3 |   3.6
            +---------+---------+-------+---------+---------+-------
        D:1 |      54 |       0 |   0.0 |      29 |       0 |   0.0
        D:2 |      99 |      44 |  30.8 |      24 |       1 |   4.0
        D:3 |     114 |       0 |   0.0 |      24 |       0 |   0.0
        D:4 |      45 |     228 |  83.5 |       3 |       2 |  40.0
            +---------+---------+-------+---------+---------+-------
